Map: Bel'Shir Vestige LE (Void)

Players

TRUE - Winner!

  • Race: Zerg Zerg
  • Spawn Location: 5:00

PandaBearMe

  • Race: Zerg Zerg
  • Spawn Location: 11:00

Event: WCS Austin 2017

VOD

Have the link to the VOD?

Description

Time

  • Played on: April 28, 2017, 4:30 p.m.
  • Length: 3:10

All games in this series

Show
View Real Time Build Order
Export as new Build Order

TRUE Zerg - Winner!

Build Orders: Pool First 

Get SALT Encoding   

  12  0:00  Drone  
  13  0:13  Extractor  
  12  0:23  Spawning Pool  
  12  0:28  Drone  
  12  0:33  Drone  
  13  0:38  Drone  
  14  0:48  Overlord  
  14  1:10  Zergling x4  
  16  1:11  Zergling x2  
  16  1:15  Metabolic Boost  
  17  1:22  Zergling x2  
  18  1:33  Zergling x2  
  18  1:36  Baneling Nest  
  18  1:43  Zergling x2  
  19  1:56  Zergling x2  
  20  2:05  Zergling x2  
  21  2:14  Hatchery  
  20  2:19  Zergling x2  
  20  2:22  Baneling  
  21  2:23  Baneling  
  21  2:28  Zergling x2  
  22  2:32  Baneling  
  22  2:33  Baneling  
  21  2:49  Zergling x2  
  21  2:52  Zergling x2  
Show
View Real Time Build Order
Export as new Build Order

PandaBearMe Zerg 

Build Orders: Hatch First 

Get SALT Encoding   

  12  0:01  Drone  
  13  0:13  Overlord  
  13  0:17  Drone  
  14  0:31  Drone x2  
  16  0:47  Hatchery  
  15  0:51  Drone  
  15  0:54  Drone  
  17  0:59  Drone  
  17  1:00  Extractor  
  17  1:14  Spawning Pool  
  17  1:16  Drone  
  17  1:20  Drone  
  18  1:29  Drone  
  19  1:39  Overlord  
  19  2:01  Zergling x6  
  22  2:02  Queen x2  
  26  2:13  Zergling x2  
  27  2:19  Zergling x2  
  28  2:27  Spine Crawler  
  28  2:29  Zergling x2  
  27  2:33  Zergling x2  
  28  2:41  Zergling x4  
  28  2:43  Zergling x2  
  26  2:50  Zergling x2  
Tags
 
Add a new tag
Caveats
  • Supply blocks, unpowered buildings, or Contaminate may cause inaccurate times.
  • Supply counts are checked every 10 seconds.